 Dungeon Crawl Stone Soup version 0.25-a0-340-ga1faa1601d (webtiles) character file.

Game seed: 4798399279697860046, levelgen mode: classic

121930 Borgoz the Bludgeoner (level 16, 0/109 HPs)
             Began as a Gargoyle Fighter on Dec 30, 2019.
             Was a High Priest of Okawaru.
             Slain by an orc knight
             ... wielding a +2 glaive
              (25 damage)
             ... on level 2 of the Orcish Mines.
             The game lasted 01:22:01 (33457 turns).

Borgoz the Bludgeoner (Gargoyle Fighter)           Turns: 33457, Time: 01:22:01

Health: 0/109      AC: 47    Str: 21    XL:     16   Next: 86%
Magic:  21/22      EV: 13    Int: 14    God:    Okawaru [*****.]
Gold:   3552       SH: 11    Dex: 16    Spells: 15/15 levels left

rFire    + + +     SeeInvis +   a - +8 flail "Koeliany" {speed, Str+2 Stlth+}
rCold    + . .     Gourm    .   j - +0 buckler
rNeg     + + +     Faith    .   P - +2 plate armour {rF+}
rPois    ∞         Spirit   .   t - +2 helmet {Int+3}
rElec    +         Reflect  +   p - +2 cloak {rC+}
rCorr    .         Harm     .   M - +1 pair of gloves "Heckaego" {rElec}
MR       ++...                  N - +1 pair of boots
Stlth    +.........             C - amulet of Rioshro {Reflect rF+ MR+ Dex+4 SH+4 SInv}
HPRegen  0.28/turn              S - ring "Ezyif" {rF- rN+++ Slay+5 SInv Stlth+}
MPRegen  0.18/turn              c - ring of the King {+Inv rElec rPois rF++ Str-3}

@: heroism, flying
A: big wings, negative energy resistance 1, electricity resistance, unbreathing,
petrification resistance, rot immunity, AC +12
a: Stop Flying, Heroism, Finesse, Renounce Religion, Evoke Invisibility


You were on level 2 of the Orcish Mines.
You worshipped Okawaru.
Okawaru was extremely pleased with you.
You were hungry.

You visited 3 branches of the dungeon, and saw 23 of its levels.
You also visited: Bailey, Gauntlet and Ice Cave.

You collected 4580 gold pieces.
You spent 1028 gold pieces at shops.

Inventory:

Hand Weapons
 a - the +8 flail "Koeliany" (weapon) {speed, Str+2 Stlth+}
   (You found it on level 6 of the Lair of Beasts)

   Attacks with this weapon are significantly faster.
   It affects your strength (+2).
   It makes you more stealthy.
 b - the +6 mace of Welfare {crush, MR+}
   (You bought it in a shop on level 14 of the Dungeon)

   It inflicts extra damage upon your enemies.
   It affects your resistance to hostile enchantments.
 y - the cursed +2 mace of the Big Fish {flame, -Tele Dex+6}
   (You bought it in a shop on level 2 of the Orcish Mines)

   It has been specially enchanted to burn those struck by it, causing extra
   injury to most foes and up to half again as much damage against particularly
   susceptible opponents.
   It affects your dexterity (+6).
   It prevents most forms of teleportation.
   It has a curse placed upon it.
 E - a +0 flail of holy wrath
Missiles
 l - 16 throwing nets (quivered)
Armour
 j - a +0 buckler (worn)
 p - a +2 cloak of cold resistance (worn)
 t - a +2 helmet of intelligence (worn)
 M - the +1 pair of gloves "Heckaego" (worn) {rElec}
   (Okawaru gifted it to you on level 14 of the Dungeon)

   It insulates you from electricity.
 N - a +1 pair of boots (worn)
 P - a +2 plate armour of fire resistance (worn)
Jewellery
 c - the ring of the King (right hand) {+Inv rElec rPois rF++ Str-3}
   (You found it on level 3 of the Lair of Beasts)

   [ring of poison resistance]

   It affects your strength (-3).
   It greatly protects you from fire.
   It insulates you from electricity.
   It protects you from poison.
   It lets you turn invisible.
 q - an uncursed ring of protection from magic
 r - an uncursed ring of protection from cold
 C - the amulet of Rioshro (around neck) {Reflect rF+ MR+ Dex+4 SH+4 SInv}
   (You took it off a meliai on level 10 of the Dungeon)

   [amulet of reflection]

   It shields you and reflects attacks.
   It affects your dexterity (+4).
   It protects you from fire.
   It affects your resistance to hostile enchantments.
   It lets you see invisible.
   It affects your SH (+4).
 I - an uncursed ring of resist corrosion
 O - the ring "Imeesobb" {rN+ MR+ Str-2 Dex+4 Stlth-}
   (You found it in a Gauntlet)

   [ring of attention]

   It affects your strength (-2).
   It affects your dexterity (+4).
   It protects you from negative energy.
   It affects your resistance to hostile enchantments.
   It makes you less stealthy.
 S - the ring "Ezyif" (left hand) {rF- rN+++ Slay+5 SInv Stlth+}
   (You found it on level 6 of the Lair of Beasts)

   [ring of stealth]

   It affects your accuracy and damage with ranged weapons and melee attacks
   (+5).
   It makes you vulnerable to fire.
   It renders you almost immune to negative energy.
   It lets you see invisible.
   It makes you more stealthy.
Wands
 o - a wand of acid (2)
 s - a wand of flame (18)
 v - a wand of digging (2)
 B - a wand of disintegration (9)
 K - a wand of iceblast (48)
 Q - a wand of scattershot (7)
Scrolls
 d - 3 scrolls of teleportation
 h - 3 scrolls of magic mapping
 k - a scroll of summoning
 z - 10 scrolls of remove curse
 A - a scroll of blinking
 D - a scroll of fog
 R - 10 scrolls of identify
Potions
 e - 2 potions of resistance
 g - 2 potions of cancellation
 i - a potion of berserk rage
 m - a potion of invisibility
 n - a potion of agility
 w - 2 potions of haste
 x - 3 potions of might
 F - 3 potions of heal wounds
 J - 4 potions of curing
Comestibles
 f - 41 rations
 u - 2 chunks of flesh


   Skills:
 * Level 15.6(20.6) Fighting
 * Level 17.5(22.5) Maces & Flails
 * Level 15.6(20.6) Armour
 + Level 5.3(10.3) Dodging
 - Level 7.4(12.4) Shields
 - Level 8.6 Invocations


You had 15 spell levels left.
You didn't know any spells.
Your spell library contained the following spells:

 Spells                   Type           Power        Failure   Level  Hunger
 Animate Skeleton         Necr           N/A          88%         1    ##.....
 Beastly Appendage        Tmut           #.....       88%         1    ##.....
 Corona                   Hex            #......      88%         1    ##.....
 Foxfire                  Conj/Fire      #...         88%         1    ##.....
 Pain                     Necr           #...         88%         1    ##.....
 Summon Small Mammal      Summ           #...         88%         1    ##.....
 Call Imp                 Summ           #.......     96%         2    ###....
 Ensorcelled Hibernation  Hex/Ice        #.....       96%         2    ###....
 Passwall                 Tmut/Erth      #.......     96%         2    ###....
 Poisonous Vapours        Pois/Air       #.....       96%         2    ###....
 Sticks to Snakes         Tmut           #.......     96%         2    ###....
 Confuse                  Hex            #.......     99%         3    ####...
 Conjure Flame            Conj/Fire      #.......     99%         3    ####...
 Dazzling Flash           Conj/Hex       #.....       99%         3    ####...
 Inner Flame              Hex/Fire       #.......     99%         3    ####...
 Mephitic Cloud           Conj/Pois/Air  #.......     99%         3    ####...
 Portal Projectile        Hex/Tloc       #.....       99%         3    ####...
 Regeneration             Chrm/Necr      #.........   99%         3    ####...
 Spider Form              Tmut/Pois      #.........   99%         3    ####...
 Stone Arrow              Conj/Erth      #.....       99%         3    ####...
 Tukima's Dance           Hex            #.......     99%         3    ####...
 Vampiric Draining        Necr           #.........   99%         3    ####...
 Animate Dead             Necr           N/A          100%        4    #####..
 Ice Form                 Ice/Tmut       #.......     100%        4    #####..
 Sticky Flame             Conj/Fire      #.......     100%        4    #####..
 Summon Lightning Spire   Summ/Air       #.......     100%        4    #####..
 Blade Hands              Tmut           #.........   100%        5    ######.
 Bolt of Magma            Conj/Fire/Erth #.........   100%        5    ######.
 Fireball                 Conj/Fire      #.........   100%        5    ######.
 Iskenderun's Battlesphe  Conj/Chrm      #.......     100%        5    ######.
 Lee's Rapid Deconstruct  Erth           #.........   100%        5    ######.
 Metabolic Englaciation   Hex/Ice        #.........   100%        5    ######.
 Silence                  Hex/Air        #.........   100%        5    ######.
 Freezing Cloud           Conj/Ice/Air   #.........   100%        6    #######
 Iron Shot                Conj/Erth      #.........   100%        6    #######
 Ozocubu's Refrigeration  Ice            #.........   100%        6    #######
 Simulacrum               Ice/Necr       #.........   100%        6    #######
 Haunt                    Necr/Summ      #.........   100%        7    #######
 Orb of Destruction       Conj           #.........   100%        7    #######
 Ring of Flames           Chrm/Fire      #.........   100%        7    #######
 Spellforged Servitor     Conj/Summ      #.........   100%        7    #######
 Summon Hydra             Summ           #.........   100%        7    #######
 Borgnjor's Revivificati  Necr           #.........   100%        8    #######
 Controlled Blink         Tloc           N/A          100%        8    #######
 Death's Door             Chrm/Necr      #.........   100%        8    #######
 Infestation              Necr           #.........   100%        8    #######
 Necromutation            Tmut/Necr      #.........   100%        8    #######


Dungeon Overview and Level Annotations

Branches:
Dungeon (15/15)            Temple (0/1) D:4            Lair (6/6) D:10
  Swamp (0/4) Lair:2        Snake (0/4) Lair:4        Slime (0/5) Lair:5
    Orc (2/2) D:9             Elf (0/3) Orc:2        Vaults (0/5) D:14
 Depths (0/5) D:15         Bailey (visited)           IceCv (visited)
Gauntlet (visited)

Altars:
Cheibriados
Elyvilon
Hepliaklqana
Kikubaaqudgha
Makhleb
Nemelex Xobeh
Okawaru
Qazlal
Ru
Sif Muna
Uskayaw
Xom
Yredelemnul

Shops:
D:14 *   D:15 }   Orc:2 :}((

Portals:
Trove: D:11 (give +6 demon trident)


Innate Abilities, Weirdness & Mutations

You are resistant to torment.
Your stone body is resilient. (AC +12)
You are immune to poison.
Your large and strong wings let you fly indefinitely.
You resist negative energy. (rN+)
You are resistant to electric shocks. (rElec)
You can survive without breathing.
You are immune to petrification.
You are immune to rotting.


Message History

You thump the orc high priest!
The orc high priest is severely wounded.
An orc comes into view. It is wielding a +0 whip.
You block the orc warrior's attack.
Unknown command.
You sock the orc high priest!
The orc high priest is almost dead.
The orc warrior no longer looks unusually strong.
The orc knight no longer looks unusually strong.
An orc warrior comes into view. It is wielding a -3 long sword.
The orc priest invokes the aid of Beogh against you.
Beogh smites you!
* * * LOW HITPOINT WARNING * * *
The orc knight hits you with a +0 war axe.
* * * LOW HITPOINT WARNING * * *
You block the orc warrior's attack.
Your plate armour prevents you from hitting the orc high priest.
The orc high priest is almost dead.
The orc knight hits you from afar with a +2 glaive!!
You die... #o..# .. ...oo.o #...#. .o... ##o#o## #oo.oo#

###o#o###
##.)o@...##
#..#)).#..#
##.........##
#...#)..#...#
##....)......##
#....#...#....#
#.............#
#....#)..#....#
#....)........#


You could see 3 orc knights, an orc high priest, 6 orc warriors, 2 orc priests
and an orc.

Vanquished Creatures
  The ghost of Hetsyfel the Spear-Bearer, a journeyman DsVM of Uskayaw (D:14)
  2 entropy weavers (Lair:6)
  The ghost of Calas the Fencer, a journeyman MiGl of Okawaru (Lair:2)
  A minotaur (Gauntlet)
  A great orb of eyes (D:10)
  10 hydras
  Harold (D:10)
  4 vault guards (D:14)
  A hell beast (Gauntlet)
  A catoblepas (D:13)
  2 centaur warriors (D:14)
  A vampire mage (D:15)
  4 two-headed ogres
  2 tengu warriors
  11 death yaks
  An orc high priest (Orc:2)
  A queen ant (Lair:6)
  Nergalle (Lair:3)
  2 spark wasp zombies (D:15)
  12 skeletal warriors
  4 unseen horrors
  A glowing orange brain (Gauntlet)
  A flayed ghost (D:14)
  4 orc knights (Orc:2)
  2 necromancers
  14 ugly things
  4 oklob plants (Lair:3)
  A deep elf mage (D:13)
  4 orc sorcerers
  4 cyclopes
  A frost giant zombie (D:15)
  7 elephants
  2 manticores
  An ice statue (IceCv)
  6 black mambas
  9 spiny frogs
  A gargoyle (D:5)
  4 centaur skeletons
  2 rime drakes
  10 freezing wraiths (IceCv)
  3 efreet
  7 komodo dragons
  A queen bee (D:10)
  2 meliai (D:10)
  4 trolls
  11 hornets
  5 polar bears
  2 bog bodies (Lair:2)
  2 dream sheep (D:8)
  10 blink frogs
  4 slime creatures (D:13)
  8 hippogriffs
  4 shadows (D:14)
  17 flying skulls (D:12)
  Sigmund (D:5)
  14 spriggans (Lair:6)
  3 wraiths (D:14)
  2 fire bats (D:4)
  A fire elemental (D:14)
  An elf zombie (D:15)
  59 yaks
  5 basilisks
  10 vampire mosquitoes (D:15)
  3 hungry ghosts
  3 wargs
  4 nagas (Lair:4)
  3 swamp worms (Lair:2)
  18 soldier ants (Lair:6)
  A hell hound (Gauntlet)
  3 porcupines
  9 water moccasins
  2 black bears (Lair:6)
  28 orc warriors
  8 ice beasts
  An alligator simulacrum (IceCv)
  2 sky beasts
  2 phantoms
  3 boggarts (Lair:6)
  An eye of draining (D:13)
  10 ogres
  5 centaurs
  A tengu (shapeshifter) (D:14)
  3 necrophages
  43 wolves
  16 crocodiles
  4 big kobolds
  Blork the orc (D:5)
  14 bullfrogs
  8 gnoll sergeants (Bailey)
  A wyvern skeleton (D:12)
  5 scorpions
  33 killer bees
  A swamp dragon simulacrum (IceCv)
  15 wights
  4 electric eels
  6 howler monkeys
  3 centaur zombies
  6 crimson imps
  5 bullfrog zombies
  A quasit (D:9)
  29 orc priests
  3 draconian simulacra (IceCv)
  6 jellies
  16 orc wizards
  7 gnoll shamans
  15 hounds
  An iron imp (D:6)
  A bullfrog skeleton (D:10)
  5 iguanas
  33 worker ants
  2 polar bear simulacra (IceCv)
  7 troll simulacra (IceCv)
  2 centaur simulacra (IceCv)
  Robin (D:3)
  3 worker ant zombies
  28 gnolls
  13 adders
  2 naga simulacra (IceCv)
  6 ogre simulacra (IceCv)
  2 shadow imps
  12 white imps (IceCv)
  3 adder zombies
  An ooze (D:5)
  4 adder skeletons
  3 worms
  3 dart slugs
  6 leopard geckos
  103 orcs
  3 giant cockroaches
  16 goblins
  8 hobgoblins
  26 jackals
  25 kobolds
  6 quokkas
  A ball python (D:6)
  6 bats
  3 frilled lizards
  A jackal skeleton (D:6)
  A jackal zombie (D:9)
  11 rats
  A fungus (Lair:5)
  2 plants
1021 creatures vanquished.

Vanquished Creatures (others)
  An ugly thing (D:14)
  A komodo dragon (D:14)
  An orc wizard (Orc:2)
  A hound zombie (D:6)
  26 fungi
  9 plants
  3 withered plants (D:15)
42 creatures vanquished.

Grand Total: 1063 creatures vanquished

Notes
Turn   | Place    | Note
-------+----------+-------------------------------------------
     0 | D:1      | Borgoz the Gargoyle Fighter began the quest for the Orb.
     0 | D:1      | Reached XP level 1. HP: 14/14 MP: 1/1
   188 | D:1      | Reached XP level 2. HP: 19/19 MP: 2/2
   559 | D:2      | Reached XP level 3. HP: 21/23 MP: 3/3
   665 | D:2      | Found a white marble altar of Elyvilon.
   665 | D:2      | Found an iron altar of Okawaru.
   674 | D:2      | Found a shimmering blue altar of Sif Muna.
   690 | D:2      | Became a worshipper of Warmaster Okawaru
   723 | D:3      | Reached skill level 3 in Maces & Flails
   881 | D:2      | Reached XP level 4. HP: 18/29 MP: 4/4
  1316 | D:2      | Reached XP level 5. HP: 26/33 MP: 5/5
  1768 | D:3      | Noticed Robin
  1821 | D:2      | Reached skill level 4 in Maces & Flails
  1881 | D:2      | Reached * piety under Okawaru
  2023 | D:3      | Killed Robin
  2824 | D:4      | Reached XP level 6. HP: 39/39 MP: 6/6
  3017 | D:4      | Reached skill level 5 in Maces & Flails
  3150 | D:4      | Reached skill level 5 in Fighting
  3150 | D:4      | Reached skill level 5 in Armour
  3150 | D:4      | Reached XP level 7. HP: 44/44 MP: 7/7
  3223 | D:4      | Found a transporter.
  3344 | D:4      | Found a staircase to the Ecumenical Temple.
  3399 | D:4      | Found a transporter.
  3487 | D:5      | Entered Level 5 of the Dungeon
  3501 | D:5      | Noticed a hippogriff
  3508 | D:5      | Killed a hippogriff
  3508 | D:5      | Reached ** piety under Okawaru
  3508 | D:5      | Reached skill level 6 in Maces & Flails
  3541 | D:5      | Noticed Blork the orc
  3545 | D:5      | Killed Blork the orc
  3563 | D:5      | Reached XP level 8. HP: 42/51 MP: 8/8
  3835 | D:5      | Reached skill level 7 in Maces & Flails
  4113 | D:5      | Found a shimmering altar of Xom.
  4133 | D:5      | Found a burning altar of Makhleb.
  4136 | D:5      | Found a hide-covered altar of Uskayaw.
  4209 | D:5      | Noticed Sigmund
  4221 | D:5      | Killed Sigmund
  4221 | D:5      | Reached *** piety under Okawaru
  4482 | D:5      | Reached skill level 1 in Invocations
  4583 | D:5      | Noticed a gargoyle
  4592 | D:5      | Killed a gargoyle
  4592 | D:5      | Reached skill level 8 in Maces & Flails
  4592 | D:5      | Reached XP level 9. HP: 46/56 MP: 6/10
  5310 | D:6      | Found a snail-covered altar of Cheibriados.
  5333 | D:6      | Found a sacrificial altar of Ru.
  5475 | D:6      | Found a sparkling altar of Nemelex Xobeh.
  6172 | D:7      | Reached **** piety under Okawaru
  6172 | D:7      | Reached skill level 9 in Maces & Flails
  6384 | D:7      | Found a stormy altar of Qazlal.
  6385 | D:7      | Found an ancient bone altar of Kikubaaqudgha.
  6385 | D:7      | Found a basalt altar of Yredelemnul.
  7233 | D:8      | Reached XP level 10. HP: 40/64 MP: 13/13
  7372 | D:8      | Reached skill level 10 in Maces & Flails
  7472 | D:8      | Noticed a three-headed hydra
  7490 | D:8      | Killed a three-headed hydra
  7490 | D:8      | Reached ***** piety under Okawaru
  7490 | D:8      | Reached skill level 5 in Invocations
  8213 | D:8      | Killed an unseen horror
  8559 | D:9      | Received a gift from Okawaru
  8559 | D:9      | Reached skill level 11 in Maces & Flails
  8573 | D:9      | Reached XP level 11. HP: 67/71 MP: 14/14
  8733 | D:9      | Found a flagged portal.
  8809 | Bailey   | Entered a bailey
 10102 | D:9      | Noticed a two-headed ogre
 10114 | D:9      | Killed a two-headed ogre
 10139 | D:9      | Found a staircase to the Orcish Mines.
 10293 | D:9      | Found a hazy altar of Hepliaklqana.
 10556 | D:10     | Entered Level 10 of the Dungeon
 10621 | D:10     | Found a hide-covered altar of Uskayaw.
 10962 | D:9      | Reached skill level 12 in Maces & Flails
 10969 | D:9      | Reached skill level 10 in Fighting
 10999 | D:10     | Reached skill level 10 in Armour
 11373 | D:10     | Found a staircase to the Lair.
 11584 | D:10     | Noticed a manticore
 11601 | D:10     | Killed a manticore
 11603 | D:10     | Noticed a tengu warrior
 11605 | D:10     | Noticed a red ugly thing
 11606 | D:10     | Identified the amulet of Rioshro {Reflect rF+ MR+ Dex+4
                  | SH+4 SInv}
 11627 | D:10     | Received a gift from Okawaru
 11639 | D:10     | Killed a tengu warrior
 11639 | D:10     | Reached XP level 12. HP: 25/79 MP: 15/15
 11809 | D:10     | Noticed a great orb of eyes
 11839 | D:10     | Killed a great orb of eyes
 11839 | D:10     | Reached ****** piety under Okawaru
 11839 | D:10     | Reached skill level 13 in Maces & Flails
 12137 | D:10     | Identified Nobruel's Papyrus of the Dislocated Birds
 12287 | D:10     | Noticed Harold
 12307 | D:10     | Killed Harold
 13089 | D:11     | Noticed a four-headed hydra
 13102 | D:11     | Killed a four-headed hydra
 13590 | D:11     | Received a gift from Okawaru
 13662 | D:11     | Noticed a two-headed ogre
 13671 | D:11     | Killed a two-headed ogre
 13785 | D:11     | Reached skill level 14 in Maces & Flails
 13983 | D:11     | Found a portal to a secret trove of treasure.
 14311 | D:12     | Reached XP level 13. HP: 78/85 MP: 17/17
 14436 | D:12     | Found the +3 giant club "Skullcrusher" {speed, Str+7}
 15723 | D:13     | Received a gift from Okawaru
 15821 | D:13     | Found a frozen archway.
 15851 | D:13     | Reached skill level 15 in Maces & Flails
 15934 | IceCv    | Entered an ice cave
 16702 | IceCv    | HP: 1/87 [freezing wraith (21)]
 17223 | IceCv    | Found an ancient bone altar of Kikubaaqudgha.
 18024 | IceCv    | Gained mutation: Your large and strong wings let you fly
                  | indefinitely. [Gargoyle growth]
 18024 | IceCv    | Reached XP level 14. HP: 67/92 MP: 20/20
 18789 | D:15     | Entered Level 15 of the Dungeon
 19322 | D:14     | Found a gate to the Vaults.
 19396 | D:14     | Reached skill level 1 in Dodging
 19424 | D:14     | Received a gift from Okawaru
 19438 | D:14     | Got a pair of scorched gloves {god gift}
 19677 | D:14     | Identified the +1 pair of gloves "Heckaego" {rElec}
                  | (Okawaru gifted it to you on level 14 of the Dungeon)
 19697 | D:14     | Found Axabon's General Store.
 19712 | D:14     | Found a runed translucent gate.
 19713 | D:14     | Found a runed translucent gate.
 19745 | D:14     | Found a runed translucent gate.
 19754 | D:14     | Noticed Hetsyfel's ghost (journeyman DsVM)
 20293 | D:14     | Bought the +6 mace of Welfare {crush, MR+} for 659 gold
                  | pieces
 20477 | D:15     | Found a staircase to the Depths.
 20526 | D:15     | Reached skill level 16 in Maces & Flails
 20645 | D:15     | Found Suinyad's Gadget Boutique.
 20709 | D:15     | Found a sacrificial altar of Ru.
 21029 | D:15     | Reached skill level 5 in Shields
 21327 | D:15     | Reached XP level 15. HP: 97/100 MP: 21/21
 22004 | Lair:1   | Entered Level 1 of the Lair of Beasts
 23022 | Lair:2   | Received a gift from Okawaru
 23027 | Lair:2   | Found a staircase to the Swamp.
 23082 | Lair:2   | Found a large runed translucent door.
 23082 | Lair:2   | Found a large runed translucent door.
 23083 | Lair:2   | Noticed Calas's ghost (journeyman MiGl)
 23588 | Lair:2   | Killed Calas's ghost
 23799 | Lair:3   | Noticed Nergalle
 23813 | Lair:3   | Killed Nergalle
 23813 | Lair:3   | Received a gift from Okawaru
 23921 | Lair:3   | Got a translucent bronze ring
 23949 | Lair:3   | Identified the ring of the King {+Inv rElec rPois rF++
                  | Str-3} (You found it on level 3 of the Lair of Beasts)
 25168 | Lair:4   | Found a staircase to the Snake Pit.
 25635 | Lair:5   | Got a bloodstained war axe
 25762 | Lair:5   | Found a gate leading to a gauntlet.
 25813 | Gauntlet | Entered a Gauntlet
 25813 | Gauntlet | Found a transporter.
 25813 | Gauntlet | Found a transporter.
 25813 | Gauntlet | Found a transporter.
 25814 | Gauntlet | Found a transporter.
 25820 | Gauntlet | Found a transporter.
 25841 | Gauntlet | Found a transporter.
 25904 | Gauntlet | Found a transporter.
 25916 | Gauntlet | Found a transporter.
 25930 | Gauntlet | Found a transporter.
 25941 | Gauntlet | Found the +2 pair of boots of the Assassin {Detection Stab+
                  | Stlth++}
 25946 | Gauntlet | Found a transporter.
 25955 | Gauntlet | Found a transporter.
 25958 | Gauntlet | Found a transporter.
 26310 | Gauntlet | Got a fine bronze ring
 26319 | Gauntlet | Identified the ring "Imeesobb" {rN+ MR+ Str-2 Dex+4 Stlth-}
                  | (You found it in a Gauntlet)
 26364 | Gauntlet | Identified the Incunabulum of the Ashen Escort
 26395 | Lair:5   | Got a steaming amethyst amulet
 26429 | Lair:5   | Received a gift from Okawaru
 26575 | Lair:5   | Identified the amulet "Ifuoher" {Inacc Fragile rElec rN++}
                  | (You found it on level 5 of the Lair of Beasts)
 26577 | Lair:5   | Identified the +3 war axe "Ogreslayer" {elec, Dex+2} (You
                  | found it on level 5 of the Lair of Beasts)
 27193 | Lair:5   | Found a staircase to the Slime Pits.
 27394 | Lair:6   | Entered Level 6 of the Lair of Beasts
 27563 | Lair:6   | Reached XP level 16. HP: 90/107 MP: 22/22
 27827 | Lair:6   | Reached skill level 17 in Maces & Flails
 28473 | Lair:6   | Reached skill level 15 in Fighting
 29111 | Lair:3   | Reached skill level 15 in Armour
 29670 | Lair:6   | Received a gift from Okawaru
 29703 | Lair:6   | Got an ichor-stained cloak {god gift}
 29838 | Lair:6   | Identified the +2 cloak of Hedge Wizardry {+Blink rPois
                  | Stlth+} (Okawaru gifted it to you on level 6 of the Lair of
                  | Beasts)
 30140 | Lair:6   | Got an encrusted flail
 30177 | Lair:6   | Identified the +8 flail "Koeliany" {speed, Str+2 Stlth+}
                  | (You found it on level 6 of the Lair of Beasts)
 30225 | Lair:6   | Reached skill level 5 in Dodging
 30310 | Lair:6   | Got a crude jade ring
 30652 | Lair:6   | Identified the ring "Ezyif" {rF- rN+++ Slay+5 SInv Stlth+}
                  | (You found it on level 6 of the Lair of Beasts)
 31219 | Orc:1    | Entered Level 1 of the Orcish Mines
 31470 | D:14     | Killed Hetsyfel's ghost
 31955 | Orc:2    | Entered Level 2 of the Orcish Mines
 31955 | Orc:2    | Found Jegeol's Book Emporium.
 31955 | Orc:2    | Found Segip's Gadget Shop.
 32169 | Orc:2    | Found Miuthrimu's Weapon Emporium.
 32172 | Orc:2    | Bought the cursed +2 mace of the Big Fish {flame, -Tele
                  | Dex+6} for 369 gold pieces
 32585 | Orc:2    | Found Omineff's Antique Weapon Shop.
 33254 | Orc:2    | Found a staircase to the Elven Halls.
 33457 | Orc:2    | Slain by an orc knight

Levels and vault maps discovered:
D:1:      lightli_iron_boxes, layout_basic
D:2:      layout_basic, gammafunk_temple_overflow_forgotten, skrybe_limestone_x
D:3:      layout_loops_ring, first_ration, glass_columns_c, uniq_robin
D:4:      gammafunk_cloud_chamber, layout_basic, minmay_temple_entry_offerings,
          kennysheep_cluttered_room
D:5:      cheibrodos_fzero, layout_basic, minitemple, uniq_blork_the_orc,
          uniq_sigmund
D:6:      kennysheep_kobold_camp, layout_loops_ring, lemuel_crystal_altar,
          slow_altar_2, lemuel_coloured_pillars_altar, minmay_diced_spiral
D:7:      layout_loops_corners, grunt_temple_overflow_open
D:8:      layout_cave_pods, hangedman_ranch [blue_anna_fruit_fields]
D:9:      layout_basic, kennysheep_little_box, orc_0_dummy, enter_bailey_3,
          disabler_island
D:10:     minmay_the_grid_triangle_9x9_rhombus_full
          [minmay_the_grid_triangle_9x9_longest,
          minmay_the_grid_triangle_9x9_impossible_snake,
          minmay_the_grid_triangle_9x9_swiss_cheese,
          minmay_the_grid_triangle_9x9_wacky_v,
          minmay_the_grid_triangle_9x9_empty,
          minmay_the_grid_triangle_9x9_minimal,
          minmay_the_grid_triangle_9x9_negative_grid,
          minmay_the_grid_triangle_9x9_prize_top_heavy], layout_gridville,
          david_lair_shrubbed, special_room [special_room_bee], basic_altar,
          uniq_harold
D:11:     layout_roguey, special_room [special_room_orc], enter_trove_6,
          serial_bayou_crossing
D:12:     layout_basic, minmay_guarded_unrand_skullcrusher
D:13:     layout_roguey, portal_ice_cave_entry_pillars_2, serial_glass,
          glass_columns_c, glass_columns_c
D:14:     layout_big_octagon, lightli_vaults_fourway_checkpoint, minivault_25,
          serial_shops, shop, gammafunk_ghost_spectres
D:15:     gammafunk_depths_entry_grave, layout_irregular_city,
          serial_park_tiny_2, serial_shops, shop, minmay_misc_feat_doors,
          hangedman_ru_absence
Lair:1:   layout_cave_pods, minmay_holes
Lair:2:   layout_long_grid, nicolae_swamp_entry_splash_gauntlet,
          ebering_ghost_disaster_area, grunt_megastairs_2,
          infiniplex_staircase_pool
Lair:3:   layout_roguey, minmay_lair_oklob_chamber, uniq_nergalle
Lair:4:   layout_loops_ring, guppyfry_snake_entry_island, beast_lair_carwin_11
Lair:5:   layout_layer_cave, dpeg_slime_entry_corner, gauntlet_entry_generic,
          lemuel_fruit_fields, grunt_megastairs_1
Lair:6:   minmay_lair_end_enchanted_forest, layout_regular_city,
          zaba_antful_of_joy
Orc:1:    layout_caves, nicolae_orc_pool_cavern
Orc:2:    st_orc_pillars, layout_caves, serial_shops, nicolae_shop_behind_doors,
          shop, shop, shop

Skill      XL: |  1  2  3  4  5  6  7  8  9 10 11 12 13 14 15 16 |
---------------+-------------------------------------------------+-----
Maces & Flails | 3 4 5 6 8 9 11 12 14 15 16 17 | 17.5
Fighting       | 4 5 6 7 9 10 11 12 13 14 15 | 15.6
Armour         | 4 5 6 7 9 10 11 12 13 14 15 | 15.6
Invocations    | 2 4 5 6 8 |  8.6
Dodging        | 2 4 5 |  5.3
Shields        | 5 6 7 |  7.4

Action                   |  1- 3 |  4- 6 |  7- 9 | 10-12 | 13-15 | 16-18 || total
-------------------------+-------+-------+-------+-------+-------+-------++-------
Melee: Flail             |    89 |   276 |   395 |   191 |  1126 |   397 ||  2474
       Mace              |       |       |   135 |  1015 |  1290 |   640 ||  3080
       Whip              |       |       |    27 |    10 |       |       ||    37
       Executioner's axe |       |       |       |       |       |    13 ||    13
Invok: Heroism           |       |       |     3 |     3 |    14 |    11 ||    31
 Abil: Fly               |       |       |       |       |     1 |       ||     1
Evoke: Wand              |       |       |     4 |    12 |    11 |    26 ||    53
  Use: Scroll            |       |     2 |     6 |    14 |    13 |     4 ||    39
       Potion            |       |     1 |     4 |     7 |    13 |     2 ||    27
 Stab: Invisible         |       |       |       |       |     1 |       ||     1
  Eat: Chunk             |       |     8 |    16 |    18 |    25 |    13 ||    80
       Ration            |       |       |       |     3 |     6 |     2 ||    11
Armor: Scale mail        |    51 |   194 |   313 |   519 |       |       ||  1077
       Plate armour      |       |       |       |   156 |  1238 |   230 ||  1624
       Skin              |       |       |       |       |    20 |       ||    20
       Crystal plate arm |       |       |       |       |       |   267 ||   267
Dodge: Dodged            |    28 |    99 |   185 |   565 |   746 |   411 ||  2034
Block: Shield            |    39 |   169 |   293 |   641 |  1743 |   677 ||  3562
       Reflection        |       |       |       |     1 |    16 |     3 ||    20
       Buckler           |       |       |       |       |       |    89 ||    89
       Other             |       |       |       |       |       |     3 ||     3

Table legend:
 A = Non-vault XP
 B = Vault XP
 C = Vault XP percentage of total XP
 D = Non-vault monster count
 E = Vault monster count
 F = Vault count percentage of total count
                 A         B        C        D         E       F
            +---------+---------+-------+---------+---------+-------
      Total |   96786 |   77401 |  44.4 |     594 |     424 |  41.7
            +---------+---------+-------+---------+---------+-------
        D:1 |      16 |       0 |   0.0 |      11 |       0 |   0.0
        D:2 |     147 |      10 |   6.4 |      30 |       5 |  14.3
        D:3 |      82 |      28 |  25.5 |      23 |       7 |  23.3
        D:4 |     444 |     404 |  47.6 |      23 |       2 |   8.0
        D:5 |     573 |    1256 |  68.7 |      24 |      11 |  31.4
        D:6 |     696 |     255 |  26.8 |      21 |      24 |  53.3
        D:7 |    1139 |       0 |   0.0 |      31 |       0 |   0.0
        D:8 |    1738 |    2213 |  56.0 |      17 |       8 |  32.0
        D:9 |    2842 |    1171 |  29.2 |      37 |      21 |  36.2
       D:10 |    3904 |    6318 |  61.8 |      19 |      20 |  51.3
       D:11 |    6161 |     425 |   6.5 |      38 |      20 |  34.5
       D:12 |    4970 |    6258 |  55.7 |      36 |      20 |  35.7
       D:13 |    7602 |       0 |   0.0 |      30 |       0 |   0.0
       D:14 |    5127 |   10854 |  67.9 |      27 |      20 |  42.6
       D:15 |   13738 |    5283 |  27.8 |      36 |       8 |  18.2
     Lair:1 |    3143 |       0 |   0.0 |      13 |       0 |   0.0
     Lair:2 |    2394 |    3744 |  61.0 |      12 |      12 |  50.0
     Lair:3 |    6517 |    3632 |  35.8 |      14 |       7 |  33.3
     Lair:4 |    3218 |    3989 |  55.3 |      12 |      11 |  47.8
     Lair:5 |   10374 |     269 |   2.5 |      36 |       2 |   5.3
     Lair:6 |   15497 |   15273 |  49.6 |      52 |      81 |  60.9
      Orc:1 |    1941 |       0 |   0.0 |      20 |       0 |   0.0
      Orc:2 |    4523 |    4975 |  52.4 |      32 |      56 |  63.6
     Bailey |       0 |    1206 | 100.0 |       0 |      30 | 100.0
      IceCv |       0 |    6264 | 100.0 |       0 |      54 | 100.0
   Gauntlet |       0 |    3574 | 100.0 |       0 |       5 | 100.0
            +---------+---------+-------+---------+---------+-------
